Canadiens vs Devils
Created - January 19, 2018 at 19:02
Goals
|
| Canadiens |
1 |
1 |
1 |
3 |
| Devils |
0 |
0 |
1 |
1 |
|
Shots
|
| Canadiens |
12 |
9 |
7 |
28 |
| Devils |
7 |
10 |
5 |
22 |
|
1st period
1. Canadiens , Sidney Crosby 22 (Vitaly Vishnevsky 10, Joe Pavelski 18) at 16:01 (PP)
Penalties :
Adam Pardy (NJD) for Roughing (Minor) at 15:46
2nd period
2. Canadiens , Luke Schenn 3 (Jason Spezza 18, Greg Stewart 18) at 9:32
Penalties :
Taylor Hall (NJD) for Holding (Minor) at 7:10
3rd period
3. Canadiens , Joe Pavelski 18 (Sidney Crosby 30) at 8:14 (PP)
4. Devils , Anthony Stewart 2 (Darroll Powe 5) at 15:22
Penalties :
Tyler Cuma (NJD) for Holding (Minor) at 1:15, Nick Spaling (Mon) for Holding Stick (Minor) at 4:24, Martin St. Louis (NJD) for High sticking (Minor) at 7:45
Goalie Stats
Jonathan Bernier (Mon), 21 saves from 22 shots - (0.955), W, 19-14-2, 60:00 minutes
James Reimer (NJD), 25 saves from 28 shots - (0.893), L, 15-8-0, 60:00 minutes
Players Stats for Canadiens
Player Name G A P +/- PIM S H SB GA TA FO MP PP MP PK MP
------------------------------------------------------------------------------------
Andrew Ebbett 0 0 0 0 0 3 1 0 0 1 3/7 10:31 0:00 0:35
Brett Maclean 0 0 0 -1 0 0 0 0 0 0 0/0 10:43 0:00 0:00
Dennis Wideman 0 0 0 0 0 0 0 1 0 0 0/0 25:29 2:34 1:15
Dustin Boyd 0 0 0 -1 0 1 1 0 3 0 4/4 11:06 0:00 0:00
Evgeny Dadonov 0 0 0 0 0 3 3 0 1 0 2/2 19:35 0:00 0:00
Greg Stewart 0 1 1 1 0 1 1 1 2 0 0/1 23:18 2:28 1:07
Jason Spezza 0 1 1 1 0 1 2 0 0 0 7/11 17:11 2:28 1:07
Jiri Tlusty 0 0 0 0 0 0 0 1 0 0 0/0 13:17 2:28 0:00
Joe Pavelski 1 1 2 0 0 5 2 0 1 0 0/0 15:38 2:14 0:00
Jordan Caron 0 0 0 0 0 0 1 0 0 1 0/0 9:51 0:00 0:00
Kurt Sauer 0 0 0 0 0 2 0 0 0 0 0/0 16:37 0:00 0:00
Luke Schenn 1 0 1 1 0 2 2 1 0 0 0/0 26:22 2:08 0:44
Maxim Kondratiev 0 0 0 -1 0 0 1 1 0 0 0/0 13:58 0:00 1:15
Nick Spaling 0 0 0 0 2 2 2 0 1 0 0/0 9:14 0:00 0:00
Patrick Sharp 0 0 0 0 0 2 0 0 2 1 0/1 16:01 2:14 0:25
Sidney Crosby 1 1 2 0 0 2 2 0 0 0 14/23 22:33 2:14 0:44
Vitaly Vishnevsky 0 1 1 0 0 4 0 1 0 0 0/0 19:11 2:34 0:00
Wes O'Neill 0 0 0 0 0 0 1 1 0 0 0/0 17:25 2:08 0:44
Players Stats for Devils
Player Name G A P +/- PIM S H SB GA TA FO MP PP MP PK MP
------------------------------------------------------------------------------------
Adam Pardy 0 0 0 1 2 6 2 1 0 0 0/0 15:51 0:00 2:13
Anthony Stewart 1 0 1 1 0 1 1 0 0 0 0/0 8:42 0:00 0:00
Brandon Bollig 0 0 0 1 0 1 1 0 0 0 0/0 8:15 0:00 0:00
Darroll Powe 0 1 1 1 0 0 0 1 0 1 7/10 11:11 0:00 2:43
Erik Christensen 0 0 0 0 0 1 3 0 0 0 0/4 11:39 0:00 0:00
J.T. Miller 0 0 0 -1 0 0 1 0 0 0 0/0 15:53 0:55 1:39
Jonathan Toews 0 0 0 0 0 5 1 0 0 0 6/18 22:10 0:55 0:49
Jordan Eberle 0 0 0 0 0 1 1 0 1 0 0/1 14:13 1:04 0:49
Karl Alzner 0 0 0 -1 0 0 1 2 0 2 0/0 25:32 0:44 2:14
Kellan Lain 0 0 0 0 0 0 1 0 0 0 0/0 11:52 0:00 0:00
Martin St. Louis 0 0 0 0 2 1 1 0 0 1 0/1 23:34 0:55 2:14
Matt Duchene 0 0 0 -1 0 1 0 0 1 0 6/15 15:25 1:04 1:10
Mike Komisarek 0 0 0 0 0 1 2 4 0 0 0/0 19:46 0:00 2:28
Peter Prucha 0 0 0 0 0 1 4 0 1 0 0/0 11:28 0:00 0:00
Robyn Regehr 0 0 0 0 0 1 0 0 0 2 0/0 16:20 0:44 2:14
Ryan Whitney 0 0 0 0 0 0 0 3 0 3 0/0 17:59 1:15 0:00
Taylor Hall 0 0 0 -1 2 1 1 1 0 0 0/0 21:47 1:04 0:00
Tyler Cuma 0 0 0 0 2 1 0 3 0 1 0/0 23:37 1:15 0:15
3 Stars
1 - Sidney Crosby (Mon)
2 - Joe Pavelski (Mon)
3 - Luke Schenn (Mon)
Power Play
Canadiens - 2 on 4 Attempt(s) - 50.00%
Devils - 0 on 1 Attempt(s) - 0.00%
Penalty Kill
Canadiens - 1 on 1 Attempt(s) - 100.00%
- Score 0 goal in Penalty Kill
Devils - 2 on 4 Attempt(s) - 50.00%
- Score 0 goal in Penalty Kill
Team Stat
Canadiens - Hits : 19 - Faceoff Wins : 30 - Blocked Shots : 7 - Penalty Minutes : 2
Devils - Hits : 20 - Faceoff Wins : 19 - Blocked Shots : 15 - Penalty Minutes : 8
Official
Referees : Pochmara Brian and McCauley Wes
Linesman : Pierre Racicot and Brad Lazarowich
Game Notes
No Game Note
Finance
Level 1 -- Attendance: 6000 (100.00%) -- Ticket Income $540,000
Level 2 -- Attendance: 3999 (79.98%) -- Ticket Income $227,943
Level 3 -- Attendance: 1960 (98.00%) -- Ticket Income $64,680
Level 4 -- Attendance: 4000 (100.00%) -- Ticket Income $100,000
Luxury Box -- Attendance: 1000 (100.00%) -- Ticket Income $155,000
Game was played at the The prudential Center.
Total Attendance: 16959 (94.22%)
Total Ticket Income: $1,087,623
Other Income: $163,143
Total Income: $1,250,766
Canadiens
5 vs 5 Forward
Center Left Wing Right Wing Time % Phy DF OF
1 Sidney Crosby Greg Stewart Evgeny Dadonov 40 1 2 2
2 Jason Spezza Patrick Sharp Joe Pavelski 30 1 2 2
3 Dustin Boyd Brett Maclean Jiri Tlusty 20 1 2 2
4 Andrew Ebbett Nick Spaling Jordan Caron 10 1 2 2
5 vs 5 Defense
Defense Defense Time % Phy DF OF
1 Luke Schenn Dennis Wideman 40 1 2 2
2 Vitaly Vishnevsky Kurt Sauer 30 1 2 2
3 Wes O'Neill Maxim Kondratiev 20 1 2 2
4 Luke Schenn Dennis Wideman 10 1 2 2
PowerPlay Forward
Center Left Wing Right Wing Time % Phy DF OF
1 Sidney Crosby Patrick Sharp Joe Pavelski 60 1 2 2
2 Jason Spezza Greg Stewart Jiri Tlusty 40 1 2 2
PowerPlay Defense
Defense Defense Time % Phy DF OF
1 Dennis Wideman Vitaly Vishnevsky 60 1 2 2
2 Wes O'Neill Luke Schenn 40 1 2 2
Penalty Kill 4 Players Forward
Center Wing Time % Phy DF OF
1 Jason Spezza Greg Stewart 60 1 2 2
2 Andrew Ebbett Nick Spaling 40 1 2 2
Penalty Kill 4 Players Defense
Defense Defense Time % Phy DF OF
1 Dennis Wideman Maxim Kondratiev 60 1 2 2
2 Wes O'Neill Luke Schenn 40 1 2 2
Penalty Kill - 3 Players Forward
Forward Time % Phy DF OF
1 Jason Spezza 60 1 2 2
2 Andrew Ebbett 40 1 2 2
Penalty Kill - 3 Players Defense
Defense Defense Time % Phy DF OF
1 Dennis Wideman Maxim Kondratiev 60 1 2 2
2 Wes O'Neill Luke Schenn 40 1 2 2
4 vs 4 Forward
Center Wing Time % Phy DF OF
1 Sidney Crosby Patrick Sharp 60 1 2 2
2 Jason Spezza Greg Stewart 40 1 2 2
4 vs 4 Defense
Defense Defense Time % Phy DF OF
1 Vitaly Vishnevsky Luke Schenn 60 1 2 2
2 Wes O'Neill Maxim Kondratiev 40 1 2 2
Last Minutes Offensive
Center Left Wing Right Wing Defense Defense
Sidney Crosby Patrick Sharp Joe Pavelski Dennis Wideman Luke Schenn
Last Minutes Defensive
Center Left Wing Right Wing Defense Defense
Jason Spezza Patrick Sharp Joe Pavelski Maxim Kondratiev Luke Schenn
Goaltenders
Starting : Jonathan Bernier
Backup : Mikael Tellqvist
Extra Forwards
Normal : Dustin Boyd, Andrew Ebbett, Evgeny Dadonov - PP : Evgeny Dadonov, Brett Maclean - PK : Sidney Crosby
Extra Defensemen
Normal : Maxim Kondratiev, Vitaly Vishnevsky, Wes O'Neill - PP : Luke Schenn - PK : Dennis Wideman, Vitaly Vishnevsky
Penalty Shots
Sidney Crosby, Joe Pavelski, Patrick Sharp, Dustin Boyd, Andrew Ebbett
Scratches
David Jones (Sprained Left Knee Injury)
Devils
5 vs 5 Forward
Center Left Wing Right Wing Time % Phy DF OF
1 Jonathan Toews Taylor Hall Martin St. Louis 40 0 2 3
2 Matt Duchene J.T. Miller Jordan Eberle 30 0 2 3
3 Erik Christensen Kellan Lain Peter Prucha 20 0 2 3
4 Darroll Powe Brandon Bollig Anthony Stewart 10 0 2 3
5 vs 5 Defense
Defense Defense Time % Phy DF OF
1 Tyler Cuma Karl Alzner 40 0 2 3
2 Ryan Whitney Mike Komisarek 30 0 2 3
3 Robyn Regehr Adam Pardy 20 0 2 3
4 Mike Komisarek Ryan Whitney 10 0 2 3
PowerPlay Forward
Center Left Wing Right Wing Time % Phy DF OF
1 Matt Duchene Taylor Hall Jordan Eberle 60 0 2 3
2 Jonathan Toews J.T. Miller Martin St. Louis 40 0 2 3
PowerPlay Defense
Defense Defense Time % Phy DF OF
1 Tyler Cuma Ryan Whitney 60 1 2 2
2 Karl Alzner Robyn Regehr 40 1 2 2
Penalty Kill 4 Players Forward
Center Wing Time % Phy DF OF
1 Darroll Powe Martin St. Louis 60 0 4 1
2 Jonathan Toews Jordan Eberle 40 0 4 1
Penalty Kill 4 Players Defense
Defense Defense Time % Phy DF OF
1 Adam Pardy Mike Komisarek 60 0 4 1
2 Karl Alzner Robyn Regehr 40 0 4 1
Penalty Kill - 3 Players Forward
Forward Time % Phy DF OF
1 Jordan Eberle 60 1 2 2
2 Martin St. Louis 40 1 2 2
Penalty Kill - 3 Players Defense
Defense Defense Time % Phy DF OF
1 Adam Pardy Mike Komisarek 60 1 2 2
2 Ryan Whitney Robyn Regehr 40 1 2 2
4 vs 4 Forward
Center Wing Time % Phy DF OF
1 Matt Duchene Taylor Hall 60 0 2 3
2 Jonathan Toews Jordan Eberle 40 0 2 3
4 vs 4 Defense
Defense Defense Time % Phy DF OF
1 Karl Alzner Mike Komisarek 60 0 2 3
2 Ryan Whitney Tyler Cuma 40 0 2 3
Last Minutes Offensive
Center Left Wing Right Wing Defense Defense
Matt Duchene Taylor Hall Jordan Eberle Ryan Whitney Tyler Cuma
Last Minutes Defensive
Center Left Wing Right Wing Defense Defense
Jonathan Toews J.T. Miller Jordan Eberle Karl Alzner Mike Komisarek
Goaltenders
Starting : James Reimer
Backup : Cam Ward
Extra Forwards
Normal : J.T. Miller, Erik Christensen, Darroll Powe - PP : Martin St. Louis, Erik Christensen - PK : Darroll Powe
Extra Defensemen
Normal : Tyler Cuma, Adam Pardy, Karl Alzner - PP : Tyler Cuma - PK : Adam Pardy, Tyler Cuma
Penalty Shots
Jordan Eberle, Taylor Hall, Peter Prucha, Matt Duchene, Martin St. Louis
Scratches
Dan Boyle (Healthy), Kyle Cumiskey (Healthy), Steve Ott (Healthy)
% Time on Ice - Canadiens
Lines # - Real PCT - Wanted PCT - Time Play
Normal Forward
1 - 38% - 40% - 20:28
2 - 27% - 30% - 14:36
3 - 18% - 20% - 9:38
4 - 16% - 10% - 8:37
Normal Defense
1 - 39% - 40% - 20:46
2 - 34% - 30% - 18:22
3 - 24% - 20% - 12:35
4 - 3% - 10% - 1:36
PP Forward
1 - 48% - 60% - 2:14
2 - 52% - 40% - 2:28
PP Defense
1 - 55% - 60% - 2:34
2 - 45% - 40% - 2:08
PK Forward
1 - 73% - 60% - 1:27
2 - 27% - 40% - 0:32
PK Defense
1 - 63% - 60% - 1:15
2 - 37% - 40% - 0:44
PK3 Forward
1 - 0% - 60%
2 - 0% - 40%
PK3 Defense
1 - 0% - 60%
2 - 0% - 40%
44 Forward
1 - 0% - 60%
2 - 0% - 40%
44 Defense
1 - 0% - 60%
2 - 0% - 40%
Last Minute Offensive - 0:00
Last Minute Defensive - 0:00
Total
Forward - 60:00
Defense - 60:00
|
% Time on Ice - Devils
Lines # - Real PCT - Wanted PCT - Time Play
Normal Forward
1 - 41% - 40% - 21:40
2 - 25% - 30% - 13:34
3 - 20% - 20% - 10:35
4 - 14% - 10% - 7:30
Normal Defense
1 - 42% - 40% - 22:08
2 - 29% - 30% - 15:13
3 - 23% - 20% - 12:24
4 - 7% - 10% - 3:34
PP Forward
1 - 54% - 60% - 1:04
2 - 46% - 40% - 0:55
PP Defense
1 - 63% - 60% - 1:15
2 - 37% - 40% - 0:44
PK Forward
1 - 83% - 60% - 3:53
2 - 17% - 40% - 0:49
PK Defense
1 - 52% - 60% - 2:28
2 - 48% - 40% - 2:14
PK3 Forward
1 - 0% - 60%
2 - 0% - 40%
PK3 Defense
1 - 0% - 60%
2 - 0% - 40%
44 Forward
1 - 0% - 60%
2 - 0% - 40%
44 Defense
1 - 0% - 60%
2 - 0% - 40%
Last Minute Offensive - 0:00
Last Minute Defensive - 0:00
Total
Forward - 60:00
Defense - 60:00
|
Play by Play
1st period
0:01 of 1st period - Sidney Crosby wins face-off versus Jonathan Toews in neutral zone.
0:16 of 1st period - Off-side.
0:17 of 1st period - Jason Spezza wins face-off versus Matt Duchene in neutral zone.
0:20 of 1st period - Mike Komisarek is hit by Jason Spezza and loses puck.
0:29 of 1st period - Snap shot by Jason Spezza.
0:29 of 1st period - Stopped by James Reimer with a rebound.
0:31 of 1st period - Slapshot by Vitaly Vishnevsky.
0:31 of 1st period - Shot Blocked by Mike Komisarek.
0:33 of 1st period - Slapshot by Vitaly Vishnevsky.
0:33 of 1st period - Shot Blocked by Ryan Whitney.
0:43 of 1st period - Brett Maclean is hit by Peter Prucha and loses puck.
0:52 of 1st period - Wrist shot by Erik Christensen.
0:52 of 1st period - Shot Misses the Net.
1:01 of 1st period - Icing by Dustin Boyd.
1:02 of 1st period - Dustin Boyd wins face-off versus Jonathan Toews in Canadiens zone.
1:33 of 1st period - Snap shot by Anthony Stewart.
1:33 of 1st period - Shot Misses the Net.
2:09 of 1st period - Brett Maclean is hit by Karl Alzner and loses puck.
2:36 of 1st period - Luke Schenn is hit by Jonathan Toews and loses puck.
2:59 of 1st period - Snap shot by Darroll Powe.
2:59 of 1st period - Shot Misses the Net.
3:12 of 1st period - Icing by Vitaly Vishnevsky.
3:13 of 1st period - Matt Duchene wins face-off versus Andrew Ebbett in Canadiens zone.
3:28 of 1st period - Snap shot by Jordan Eberle.
3:28 of 1st period - Stopped by Jonathan Bernier without a rebound.
3:29 of 1st period - Jonathan Toews wins face-off versus Greg Stewart in Canadiens zone.
4:12 of 1st period - Icing by Mike Komisarek.
4:13 of 1st period - Dustin Boyd wins face-off versus Matt Duchene in Devils zone.
4:40 of 1st period - Wrist shot by Sidney Crosby.
4:40 of 1st period - Shot Misses the Net.
4:42 of 1st period - Snap shot by Wes O'Neill.
4:42 of 1st period - Shot Blocked by Karl Alzner.
4:44 of 1st period - Wrist shot by Greg Stewart.
4:44 of 1st period - Shot Misses the Net.
4:46 of 1st period - Snap shot by Evgeny Dadonov.
4:46 of 1st period - Stopped by James Reimer with a rebound.
5:27 of 1st period - Icing by Anthony Stewart.
5:28 of 1st period - Darroll Powe wins face-off versus Andrew Ebbett in Devils zone.
5:33 of 1st period - Slapshot by Adam Pardy.
5:33 of 1st period - Stopped by Jonathan Bernier with a rebound.
6:18 of 1st period - Off-side.
6:19 of 1st period - Jonathan Toews wins face-off versus Sidney Crosby in neutral zone.
7:09 of 1st period - Erik Christensen is hit by Wes O'Neill.
7:17 of 1st period - Backhand shot by Andrew Ebbett.
7:17 of 1st period - Stopped by James Reimer without a rebound.
7:18 of 1st period - Sidney Crosby wins face-off versus Jonathan Toews in Devils zone.
8:57 of 1st period - Backhand shot by Martin St. Louis.
8:57 of 1st period - Shot Blocked by Luke Schenn.
9:17 of 1st period - Wrist shot by Jason Spezza.
9:17 of 1st period - Shot Misses the Net.
9:37 of 1st period - Luke Schenn is hit by Erik Christensen and loses puck.
9:44 of 1st period - Snap shot by Dennis Wideman.
9:44 of 1st period - Shot Misses the Net.
9:46 of 1st period - Slapshot by Luke Schenn.
9:46 of 1st period - Stopped by James Reimer without a rebound.
9:47 of 1st period - Sidney Crosby wins face-off versus Jonathan Toews in Devils zone.
9:54 of 1st period - Wrist shot by Evgeny Dadonov.
9:54 of 1st period - Deflect By Greg Stewart.
9:54 of 1st period - Shot Misses the Net.
9:54 of 1st period - Puck is out of play.
9:55 of 1st period - Jonathan Toews wins face-off versus Sidney Crosby in Devils zone.
10:44 of 1st period - Slapshot by Taylor Hall.
10:44 of 1st period - Shot Blocked by Wes O'Neill.
10:46 of 1st period - Slapshot by Adam Pardy.
10:46 of 1st period - Shot Misses the Net.
10:48 of 1st period - Slapshot by Adam Pardy.
10:48 of 1st period - Stopped by Jonathan Bernier with a rebound.
10:50 of 1st period - Wrist shot by Martin St. Louis.
10:50 of 1st period - Shot Misses the Net.
10:52 of 1st period - Slapshot by Robyn Regehr.
10:52 of 1st period - Stopped by Jonathan Bernier with a rebound.
11:54 of 1st period - Wrist shot by Taylor Hall.
11:54 of 1st period - Stopped by Jonathan Bernier without a rebound.
11:55 of 1st period - Matt Duchene wins face-off versus Jason Spezza in Canadiens zone.
12:37 of 1st period - Tyler Cuma is hit by Nick Spaling and loses puck.
12:57 of 1st period - Erik Christensen is hit by Joe Pavelski and loses puck.
13:20 of 1st period - Slapshot by Jordan Eberle.
13:20 of 1st period - Shot Blocked by Jiri Tlusty.
13:40 of 1st period - Slapshot by Joe Pavelski.
13:40 of 1st period - Stopped by James Reimer with a rebound.
13:42 of 1st period - Wrist shot by Joe Pavelski.
13:42 of 1st period - Shot Blocked by Mike Komisarek.
13:44 of 1st period - Snap shot by Patrick Sharp.
13:44 of 1st period - Stopped by James Reimer without a rebound.
13:45 of 1st period - Jason Spezza wins face-off versus Matt Duchene in Devils zone.
13:46 of 1st period - Snap shot by Joe Pavelski.
13:46 of 1st period - Shot Blocked by Mike Komisarek.
14:10 of 1st period - Kurt Sauer is hit by Peter Prucha and loses puck.
14:23 of 1st period - Snap shot by Erik Christensen.
14:23 of 1st period - Shot Blocked by Vitaly Vishnevsky.
14:39 of 1st period - Kurt Sauer is hit by Anthony Stewart and loses puck.
15:05 of 1st period - Slapshot by Joe Pavelski.
15:05 of 1st period - Shot Blocked by Tyler Cuma.
15:09 of 1st period - Wrist shot by Jason Spezza.
15:09 of 1st period - Deflect By Patrick Sharp.
15:09 of 1st period - Shot Blocked by Tyler Cuma.
15:09 of 1st period - Puck is out of play.
15:10 of 1st period - Jason Spezza wins face-off versus Erik Christensen in Devils zone.
15:19 of 1st period - Snap shot by Joe Pavelski.
15:19 of 1st period - Shot Blocked by Adam Pardy.
15:22 of 1st period - Icing by Robyn Regehr.
15:23 of 1st period - Sidney Crosby wins face-off versus Erik Christensen in Devils zone.
15:24 of 1st period - Snap shot by Evgeny Dadonov.
15:24 of 1st period - Stopped by James Reimer with a rebound.
15:46 of 1st period - Minor Penalty to Adam Pardy for Roughing.
15:47 of 1st period - Darroll Powe wins face-off versus Sidney Crosby in Devils zone.
15:59 of 1st period - Slapshot by Vitaly Vishnevsky.
15:59 of 1st period - Stopped by James Reimer with a rebound.
16:01 of 1st period - Wrist shot by Sidney Crosby.
16:01 of 1st period - Goal by Sidney Crosby - Canadiens : 1 - Devils : 0.
16:02 of 1st period - Evgeny Dadonov wins face-off versus Jonathan Toews in neutral zone.
16:07 of 1st period - Slapshot by Luke Schenn.
16:07 of 1st period - Shot Blocked by Ryan Whitney.
16:15 of 1st period - Wrist shot by Martin St. Louis.
16:15 of 1st period - Stopped by Jonathan Bernier without a rebound.
16:16 of 1st period - Matt Duchene wins face-off versus Jason Spezza in Canadiens zone.
16:30 of 1st period - Icing by Patrick Sharp.
16:31 of 1st period - Jason Spezza wins face-off versus Jonathan Toews in Canadiens zone.
16:44 of 1st period - Snap shot by Jonathan Toews.
16:44 of 1st period - Stopped by Jonathan Bernier without a rebound.
16:45 of 1st period - Sidney Crosby wins face-off versus Matt Duchene in Canadiens zone.
16:50 of 1st period - Tyler Cuma is hit by Evgeny Dadonov and loses puck.
17:02 of 1st period - Snap shot by Matt Duchene.
17:02 of 1st period - Shot Misses the Net.
18:23 of 1st period - Greg Stewart is hit by Mike Komisarek and loses puck.
18:42 of 1st period - Wrist shot by Joe Pavelski.
18:42 of 1st period - Stopped by James Reimer with a rebound.
18:44 of 1st period - Slapshot by Kurt Sauer.
18:44 of 1st period - Stopped by James Reimer without a rebound.
18:45 of 1st period - Dustin Boyd wins face-off versus Matt Duchene in Devils zone.
18:46 of 1st period - Snap shot by Jiri Tlusty.
18:46 of 1st period - Shot Misses the Net.
19:12 of 1st period - Adam Pardy is hit by Evgeny Dadonov and loses puck.
19:19 of 1st period - Snap shot by Evgeny Dadonov.
19:19 of 1st period - Stopped by James Reimer without a rebound.
19:20 of 1st period - Jonathan Toews wins face-off versus Sidney Crosby in Devils zone.
19:53 of 1st period - Off-side.
19:54 of 1st period - Jason Spezza wins face-off versus Matt Duchene in neutral zone.
19:57 of 1st period - Snap shot by Luke Schenn.
19:57 of 1st period - Deflect By Joe Pavelski.
19:57 of 1st period - Shot Blocked by Karl Alzner.
19:57 of 1st period - Puck is out of play.
19:58 of 1st period - Sidney Crosby wins face-off versus Jordan Eberle in Devils zone.
Goals for this period are 1 for Canadiens vs 0 for Devils.
Shots for this period are 12 for Canadiens vs 7 for Devils.
2nd period
0:01 of 2nd period - Sidney Crosby wins face-off versus Jonathan Toews in neutral zone.
0:26 of 2nd period - Dennis Wideman is hit by J.T. Miller.
0:51 of 2nd period - Slapshot by Erik Christensen.
0:51 of 2nd period - Shot Misses the Net.
0:53 of 2nd period - Snap shot by Kellan Lain.
0:53 of 2nd period - Shot Blocked by Maxim Kondratiev.
0:55 of 2nd period - Slapshot by Mike Komisarek.
0:55 of 2nd period - Stopped by Jonathan Bernier with a rebound.
2:06 of 2nd period - Dennis Wideman is hit by Erik Christensen and loses puck.
3:03 of 2nd period - Snap shot by Adam Pardy.
3:03 of 2nd period - Stopped by Jonathan Bernier without a rebound.
3:04 of 2nd period - Matt Duchene wins face-off versus Sidney Crosby in Canadiens zone.
4:13 of 2nd period - Darroll Powe is hit by Nick Spaling.
4:39 of 2nd period - Slapshot by Tyler Cuma.
4:39 of 2nd period - Shot Blocked by Greg Stewart.
5:19 of 2nd period - Wes O'Neill is hit by Peter Prucha and loses puck.
5:59 of 2nd period - Slapshot by Vitaly Vishnevsky.
5:59 of 2nd period - Shot Blocked by Ryan Whitney.
6:03 of 2nd period - Wrist shot by Nick Spaling.
6:03 of 2nd period - Stopped by James Reimer with a rebound.
6:05 of 2nd period - Slapshot by Kurt Sauer.
6:05 of 2nd period - Stopped by James Reimer with a rebound.
6:07 of 2nd period - Wrist shot by Andrew Ebbett.
6:07 of 2nd period - Shot Misses the Net.
6:44 of 2nd period - Snap shot by Darroll Powe.
6:44 of 2nd period - Shot Misses the Net.
6:46 of 2nd period - Slapshot by Adam Pardy.
6:46 of 2nd period - Stopped by Jonathan Bernier without a rebound.
6:47 of 2nd period - Sidney Crosby wins face-off versus Martin St. Louis in Canadiens zone.
7:10 of 2nd period - Minor Penalty to Taylor Hall for Holding.
7:11 of 2nd period - Darroll Powe wins face-off versus Sidney Crosby in Devils zone.
7:22 of 2nd period - Slapshot by Joe Pavelski.
7:22 of 2nd period - Shot Misses the Net.
7:40 of 2nd period - Slapshot by Greg Stewart.
7:40 of 2nd period - Shot Misses the Net.
7:42 of 2nd period - Slapshot by Luke Schenn.
7:42 of 2nd period - Deflect By Jason Spezza.
7:42 of 2nd period - Shot Misses the Net.
7:42 of 2nd period - Puck is out of play.
7:43 of 2nd period - Darroll Powe wins face-off versus Jason Spezza in Devils zone.
8:19 of 2nd period - Karl Alzner is hit by Luke Schenn and loses puck.
9:10 of 2nd period - Penalty to Taylor Hall is over, Taylor Hall is back on ice.
9:28 of 2nd period - Wrist shot by Jason Spezza.
9:28 of 2nd period - Shot Blocked by Taylor Hall.
9:30 of 2nd period - Wrist shot by Jason Spezza.
9:30 of 2nd period - Shot Misses the Net.
9:32 of 2nd period - Snap shot by Luke Schenn.
9:32 of 2nd period - Goal by Luke Schenn - Canadiens : 2 - Devils : 0.
9:33 of 2nd period - Jonathan Toews wins face-off versus Andrew Ebbett in neutral zone.
9:44 of 2nd period - Slapshot by Vitaly Vishnevsky.
9:44 of 2nd period - Stopped by James Reimer with a rebound.
9:46 of 2nd period - Snap shot by Jordan Caron.
9:46 of 2nd period - Shot Misses the Net.
9:48 of 2nd period - Wrist shot by Andrew Ebbett.
9:48 of 2nd period - Stopped by James Reimer without a rebound.
9:49 of 2nd period - Andrew Ebbett wins face-off versus Erik Christensen in Devils zone.
9:52 of 2nd period - Snap shot by Nick Spaling.
9:52 of 2nd period - Shot Misses the Net.
9:54 of 2nd period - Wrist shot by Vitaly Vishnevsky.
9:54 of 2nd period - Stopped by James Reimer with a rebound.
9:56 of 2nd period - Wrist shot by Vitaly Vishnevsky.
9:56 of 2nd period - Shot Misses the Net.
9:58 of 2nd period - Slapshot by Vitaly Vishnevsky.
9:58 of 2nd period - Stopped by James Reimer with a rebound.
10:00 of 2nd period - Wrist shot by Kurt Sauer.
10:00 of 2nd period - Shot Misses the Net.
10:02 of 2nd period - Slapshot by Nick Spaling.
10:02 of 2nd period - Shot Blocked by Mike Komisarek.
10:14 of 2nd period - Wrist shot by Jonathan Toews.
10:14 of 2nd period - Stopped by Jonathan Bernier with a rebound.
10:16 of 2nd period - Wrist shot by Jonathan Toews.
10:16 of 2nd period - Stopped by Jonathan Bernier with a rebound.
10:18 of 2nd period - Wrist shot by Jonathan Toews.
10:18 of 2nd period - Stopped by Jonathan Bernier with a rebound.
10:20 of 2nd period - Wrist shot by Martin St. Louis.
10:20 of 2nd period - Deflect By Jonathan Toews.
10:20 of 2nd period - Stopped by Jonathan Bernier without a rebound.
10:21 of 2nd period - Andrew Ebbett wins face-off versus Matt Duchene in Canadiens zone.
11:56 of 2nd period - Karl Alzner is hit by Jordan Caron and loses puck.
12:23 of 2nd period - Wes O'Neill is hit by Adam Pardy.
12:54 of 2nd period - Slapshot by Adam Pardy.
12:54 of 2nd period - Stopped by Jonathan Bernier without a rebound.
12:55 of 2nd period - Jason Spezza wins face-off versus Jonathan Toews in Canadiens zone.
13:20 of 2nd period - Icing by Tyler Cuma.
13:21 of 2nd period - Evgeny Dadonov wins face-off versus Jonathan Toews in Devils zone.
14:16 of 2nd period - Wrist shot by Matt Duchene.
14:16 of 2nd period - Stopped by Jonathan Bernier with a rebound.
14:40 of 2nd period - Snap shot by Andrew Ebbett.
14:40 of 2nd period - Stopped by James Reimer with a rebound.
14:42 of 2nd period - Snap shot by Nick Spaling.
14:42 of 2nd period - Shot Misses the Net.
14:44 of 2nd period - Snap shot by Nick Spaling.
14:44 of 2nd period - Stopped by James Reimer without a rebound.
14:45 of 2nd period - Darroll Powe wins face-off versus Sidney Crosby in Devils zone.
14:50 of 2nd period - Slapshot by Mike Komisarek.
14:50 of 2nd period - Shot Blocked by Dennis Wideman.
14:56 of 2nd period - Anthony Stewart is hit by Sidney Crosby.
15:01 of 2nd period - Off-side.
15:02 of 2nd period - Jason Spezza wins face-off versus Matt Duchene in neutral zone.
15:05 of 2nd period - Ryan Whitney is hit by Luke Schenn and loses puck.
16:55 of 2nd period - Wes O'Neill is hit by Martin St. Louis and loses puck.
17:20 of 2nd period - Greg Stewart is hit by Erik Christensen and loses puck.
17:46 of 2nd period - Slapshot by Tyler Cuma.
17:46 of 2nd period - Stopped by Jonathan Bernier with a rebound.
18:17 of 2nd period - Taylor Hall is hit by Sidney Crosby and loses puck.
18:42 of 2nd period - Andrew Ebbett is hit by Adam Pardy and loses puck.
19:04 of 2nd period - Darroll Powe is hit by Jason Spezza and loses puck.
19:42 of 2nd period - Vitaly Vishnevsky is hit by Taylor Hall and loses puck.
Goals for this period are 1 for Canadiens vs 0 for Devils.
Shots for this period are 9 for Canadiens vs 10 for Devils.
3rd period
0:01 of 3rd period - Sidney Crosby wins face-off versus Jonathan Toews in neutral zone.
0:34 of 3rd period - Wrist shot by Joe Pavelski.
0:34 of 3rd period - Stopped by James Reimer with a rebound.
1:15 of 3rd period - Minor Penalty to Tyler Cuma for Holding.
1:16 of 3rd period - Sidney Crosby wins face-off versus Darroll Powe in Devils zone.
1:34 of 3rd period - Darroll Powe is hit by Joe Pavelski and loses puck.
2:10 of 3rd period - Off-side.
2:11 of 3rd period - Sidney Crosby wins face-off versus Jonathan Toews in neutral zone.
3:08 of 3rd period - Wrist shot by Matt Duchene.
3:08 of 3rd period - Shot Hit the Post.
3:15 of 3rd period - Penalty to Tyler Cuma is over, Tyler Cuma is back on ice.
3:23 of 3rd period - Snap shot by Robyn Regehr.
3:23 of 3rd period - Shot Misses the Net.
3:25 of 3rd period - Snap shot by Erik Christensen.
3:25 of 3rd period - Deflect By Peter Prucha.
3:25 of 3rd period - Stopped by Jonathan Bernier with a rebound.
3:31 of 3rd period - Slapshot by Erik Christensen.
3:31 of 3rd period - Stopped by Jonathan Bernier with a rebound.
3:48 of 3rd period - Luke Schenn is hit by Jordan Eberle and loses puck.
4:19 of 3rd period - Slapshot by Brandon Bollig.
4:19 of 3rd period - Stopped by Jonathan Bernier with a rebound.
4:21 of 3rd period - Slapshot by Adam Pardy.
4:21 of 3rd period - Stopped by Jonathan Bernier without a rebound.
4:22 of 3rd period - Andrew Ebbett wins face-off versus Matt Duchene in Canadiens zone.
4:24 of 3rd period - Minor Penalty to Nick Spaling for Holding Stick.
4:25 of 3rd period - Matt Duchene wins face-off versus Jason Spezza in Canadiens zone.
4:37 of 3rd period - Taylor Hall is hit by Maxim Kondratiev and loses puck.
6:24 of 3rd period - Penalty to Nick Spaling is over, Nick Spaling is back on ice.
6:37 of 3rd period - Jordan Caron is hit by Peter Prucha and loses puck.
6:48 of 3rd period - Kellan Lain is hit by Andrew Ebbett and loses puck.
7:45 of 3rd period - Minor Penalty to Martin St. Louis for High sticking.
7:46 of 3rd period - Darroll Powe wins face-off versus Sidney Crosby in Devils zone.
7:58 of 3rd period - Snap shot by Sidney Crosby.
7:58 of 3rd period - Stopped by James Reimer without a rebound.
7:59 of 3rd period - Sidney Crosby wins face-off versus Darroll Powe in Devils zone.
8:04 of 3rd period - Snap shot by Patrick Sharp.
8:04 of 3rd period - Stopped by James Reimer with a rebound.
8:06 of 3rd period - Wrist shot by Patrick Sharp.
8:06 of 3rd period - Shot Blocked by Darroll Powe.
8:08 of 3rd period - Wrist shot by Joe Pavelski.
8:08 of 3rd period - Stopped by James Reimer without a rebound.
8:09 of 3rd period - Sidney Crosby wins face-off versus Darroll Powe in Devils zone.
8:14 of 3rd period - Snap shot by Joe Pavelski.
8:14 of 3rd period - Goal by Joe Pavelski - Canadiens : 3 - Devils : 0.
8:15 of 3rd period - Jonathan Toews wins face-off versus Sidney Crosby in neutral zone.
8:21 of 3rd period - Off-side.
8:22 of 3rd period - Sidney Crosby wins face-off versus Jonathan Toews in neutral zone.
9:19 of 3rd period - Backhand shot by Greg Stewart.
9:19 of 3rd period - Shot Misses the Net.
9:21 of 3rd period - Snap shot by Greg Stewart.
9:21 of 3rd period - Stopped by James Reimer with a rebound.
9:23 of 3rd period - Snap shot by Greg Stewart.
9:23 of 3rd period - Shot Misses the Net.
11:19 of 3rd period - Tyler Cuma is hit by Greg Stewart and loses puck.
12:49 of 3rd period - Karl Alzner is hit by Evgeny Dadonov and loses puck.
14:24 of 3rd period - Snap shot by Evgeny Dadonov.
14:24 of 3rd period - Deflect By Tyler Cuma.
14:24 of 3rd period - Shot Blocked by Tyler Cuma.
14:24 of 3rd period - Puck is out of play.
14:25 of 3rd period - Matt Duchene wins face-off versus Patrick Sharp in Devils zone.
14:30 of 3rd period - Wrist shot by Matt Duchene.
14:30 of 3rd period - Shot Misses the Net.
15:14 of 3rd period - Wrist shot by Wes O'Neill.
15:14 of 3rd period - Shot Misses the Net.
15:22 of 3rd period - Snap shot by Anthony Stewart.
15:22 of 3rd period - Goal by Anthony Stewart - Canadiens : 3 - Devils : 1.
15:23 of 3rd period - Dustin Boyd wins face-off versus Erik Christensen in neutral zone.
15:28 of 3rd period - Snap shot by Dustin Boyd.
15:28 of 3rd period - Stopped by James Reimer with a rebound.
16:15 of 3rd period - Nick Spaling is hit by Brandon Bollig and loses puck.
16:33 of 3rd period - Wes O'Neill is hit by Mike Komisarek and loses puck.
17:28 of 3rd period - Jordan Eberle is hit by Dustin Boyd and loses puck.
19:24 of 3rd period - Icing by Robyn Regehr.
19:25 of 3rd period - Darroll Powe wins face-off versus Andrew Ebbett in Devils zone.
19:36 of 3rd period - Andrew Ebbett is hit by Kellan Lain and loses puck.
Goals for this period are 1 for Canadiens vs 1 for Devils.
Shots for this period are 7 for Canadiens vs 5 for Devils.
Back to the Top